 Dungeon Crawl Stone Soup version 0.25.1-2-g60ff931df9 (webtiles) character file.

Game seed: 17723147321275905404

17021 Cykl0x the Carver (level 12, -1/91 HPs)
             Began as a Formicid Fighter on Oct 7, 2020.
             Was a High Priest of the Shining One.
             Slain by a large slime creature (36 damage)
             ... on level 12 of the Dungeon.
             The game lasted 00:35:50 (11142 turns).

Cykl0x the Carver (Formicid Fighter)               Turns: 11142, Time: 00:35:51

Health: -1/91      AC: 13    Str: 27    XL:     12   Next: 77%
Magic:  19/19      EV: 11    Int:  7    God:    the Shining One [*****.]
Gold:   731        SH: 15    Dex: 10    Spells: 11/11 levels left

rFire    . . .     SeeInvis +   i - +2 great sword
rCold    . . .     Gourm    .   c - +3 kite shield
rNeg     + + .     Faith    .   k - +1 chain mail
rPois    .         Spirit   .   (helmet unavailable)
rElec    .         Reflect  .   (no cloak)
rCorr    .         Harm     .   (no gloves)
MR       +....                  E - +0 pair of boots
Stlth    ..........             h - amulet of regeneration
HPRegen  0.65/turn              x - ring of flight
MPRegen  0.16/turn              (no ring)

@: glowing, studying Dodging
A: permanent stasis, dig shafts and tunnels, four strong arms, antennae 3
a: Dig, Shaft Self, Divine Shield, Cleansing Flame, Summon Divine Warrior,
Renounce Religion, Evoke Flight


You were on level 12 of the Dungeon.
You worshipped the Shining One.
The Shining One was extremely pleased with you.
You were not hungry.

You visited 2 branches of the dungeon, and saw 13 of its levels.
You also visited: Ossuary.

You collected 731 gold pieces.

Inventory:

Hand Weapons
 i - a +2 great sword (weapon)
 q - a +2 vorpal falchion
 C - a +1 hand axe of flaming
Missiles
 b - 8 boomerangs (quivered)
 j - 321 stones
 v - 2 javelins
Armour
 c - a +3 kite shield (worn)
 k - a +1 chain mail (worn)
 E - a +0 pair of boots (worn)
Jewellery
 h - an amulet of regeneration (around neck)
 x - a ring of flight (left hand)
 y - an uncursed amulet of the acrobat
Wands
 p - a wand of paralysis (8)
 r - a wand of acid (12)
 s - a wand of iceblast (12)
 B - a wand of flame (16)
Scrolls
 e - 13 scrolls of remove curse
 g - 2 scrolls of fear
 l - 3 scrolls of magic mapping
 z - a scroll of fog
 D - a scroll of enchant armour
 H - 7 scrolls of identify
Potions
 a - a potion of mutation {unknown}
 d - 2 potions of might
 m - 2 potions of ambrosia
 n - 2 potions of invisibility
 o - 6 potions of curing
 t - a potion of lignification
 w - 2 potions of flight {unknown}
 A - a potion of cancellation {unknown}
Books
 J - a manual of Dodging
Comestibles
 f - 30 rations


   Skills:
 + Level 7.3 Fighting
 + Level 11.1 Long Blades
 + Level 1.7 Axes
 + Level 6.1 Throwing
 + Level 8.5 Armour
 * Level 5.3 Dodging
 - Level 0.1 Stealth
 + Level 10.6 Shields
 * Level 9.5 Invocations


You had 11 spell levels left.
You didn't know any spells.
Your spell library was empty.

Dungeon Overview and Level Annotations

Branches:
Dungeon (12/15)            Temple (1/1) D:6            Lair (0/6) D:10
    Orc (0/2) D:11        Ossuary (visited)

Altars:
Ashenzari
Fedhas
Gozag
Kikubaaqudgha
Nemelex Xobeh
Okawaru
Qazlal
Sif Muna
Trog
Uskayaw
Vehumet
Wu Jian
Xom
Zin
The Shining One

Shops:
D:4 }   D:7 *


Innate Abilities, Weirdness & Mutations

You cannot be hasted, slowed, berserked, paralysed or teleported.
You can dig through walls and to a lower floor.
Your four strong arms can wield two-handed weapons with a shield.
You have a pair of large antennae on your head. (SInv)


Message History

The slime creature closely misses you.
You hit the slime creature.
The slime creature is heavily wounded.
Two slime creatures merge to form a large slime creature.
You hit the large slime creature.
The large slime creature is moderately wounded.
The large slime creature hits you!!
You completely miss the large slime creature.
The large slime creature is moderately wounded.
The large slime creature hits you!!
You hit the large slime creature.
The large slime creature is moderately wounded.
You block the large slime creature's attack. x2
You slash the large slime creature!
The large slime creature is moderately wounded.
You block the large slime creature's attack.
You hit the large slime creature.
The large slime creature is heavily wounded.
The large slime creature hits you!!!
You die...

#......# #......# #########
####.### #.......# #.#
###.......# #.# ##≈≈.......#
####.###≈≈≈.......# .
##....##≈≈≈≈.......# ...
##.###.#≈≈≈≈≈.......#######≈≈##
.)....>.........@J..........≈≈#
#######≈≈≈≈≈≈≈≈##########≈≈.≈≈≈.
.....##≈≈≈≈≈≈≈≈##### ≈≈.≈≈≈.
####.##≈≈≈≈≈≈≈≈..... #≈.≈≈#.
#.....≈≈≈≈≈≈$... #.≈##
#####.≈≈≈≈≈≈..... ....
##≈.≈≈≈≈≈≈###.. .##.
##≈≈.≈≈≈≈≈####.. ..
##≈≈≈.......).#


You could see a large slime creature.

Vanquished Creatures
  2 hydras
  2 two-headed ogres
  Pikel (D:7)
  An ugly thing (D:11)
  An orc knight (D:11)
  3 slime creatures (D:12)
  Joseph (D:7)
  2 manticores
  A troll (D:11)
  2 hornets
  2 dream sheep (D:8)
  Prince Ribbit (D:9)
  2 hippogriffs (D:11)
  15 yaks
  A vampire (D:10)
  A wyvern (D:10)
  2 hungry ghosts
  A steam dragon (D:11)
  4 orc warriors
  2 ice beasts
  6 phantoms
  3 sky beasts
  6 ogres
  4 black bears
  A necrophage (D:7)
  6 centaurs
  A crocodile (D:10)
  3 big kobolds (D:8)
  4 bullfrogs
  A water moccasin zombie (D:6)
  A wyvern zombie (Ossuary)
  A scorpion (D:5)
  4 electric eels
  3 howler monkeys (D:10)
  13 wights
  7 centaur zombies
  6 bullfrog zombies
  2 crimson imps
  7 hounds
  2 jellies
  5 orc priests
  5 bullfrog skeletons
  8 orc wizards
  4 iguanas
  10 worker ants
  4 killer bee zombies (Ossuary)
  2 hound zombies
  12 mummies
  3 worker ant zombies
  A howler monkey zombie (Ossuary)
  2 gnolls
  A howler monkey skeleton (D:7)
  7 adders
  3 shadow imps
  4 adder zombies (Ossuary)
  An adder skeleton (D:5)
  A worm (D:2)
  3 dart slugs
  A leopard gecko (D:7)
  35 orcs
  2 ball pythons
  7 giant cockroaches
  10 goblins
  12 hobgoblins
  21 jackals
  4 quokkas
  11 bats
  6 frilled lizards
  2 giant cockroach zombies (Ossuary)
  13 kobolds
  A leopard gecko skeleton (D:5)
  2 leopard gecko zombies
  2 quokka zombies (D:5)
  8 rats
341 creatures vanquished.

Vanquished Creatures (others)
  A slave (D:7)
  2 withered plants (Ossuary)
3 creatures vanquished.

Grand Total: 344 creatures vanquished

Notes
Turn   | Place    | Note
-------+----------+-------------------------------------------
     0 | D:1      | Cykl0x the Formicid Fighter began the quest for the Orb.
     0 | D:1      | Reached XP level 1. HP: 18/18 MP: 1/1
    31 | D:1      | Reached XP level 2. HP: 20/24 MP: 2/2
   218 | D:1      | Reached XP level 3. HP: 30/30 MP: 3/3
  1076 | D:2      | Reached XP level 4. HP: 37/37 MP: 4/4
  1821 | D:3      | Reached XP level 5. HP: 42/42 MP: 5/5
  2023 | D:3      | Reached skill level 3 in Long Blades
  2520 | D:4      | Found Usutafut's Gadget Emporium.
  2560 | D:4      | Reached XP level 6. HP: 35/48 MP: 6/6
  2772 | D:4      | Reached skill level 4 in Long Blades
  2780 | D:4      | Reached skill level 1 in Throwing
  3390 | D:5      | Entered Level 5 of the Dungeon
  3478 | D:5      | Found a sparkling altar of Nemelex Xobeh.
  3501 | D:5      | Reached XP level 7. HP: 49/54 MP: 7/7
  3506 | D:5      | Reached skill level 5 in Shields
  3983 | D:5      | Reached skill level 5 in Long Blades
  3983 | D:5      | Reached skill level 5 in Armour
  4138 | D:5      | Reached XP level 8. HP: 52/61 MP: 8/8
  4357 | D:6      | Reached skill level 1 in Dodging
  4389 | D:6      | Found a staircase to the Ecumenical Temple.
  4395 | Temple   | Entered the Ecumenical Temple
  4401 | Temple   | Became a worshipper of the Shining One
  4545 | D:6      | Reached skill level 1 in Invocations
  4835 | D:6      | Reached skill level 6 in Long Blades
  5254 | D:7      | Found Ehexamo's General Store.
  5278 | D:7      | Found a sand-covered staircase.
  5278 | D:7      | Reached * piety under the Shining One
  5292 | Ossuary  | Entered an ossuary
  5305 | Ossuary  | Reached XP level 9. HP: 56/67 MP: 11/11
  5413 | Ossuary  | Reached ** piety under the Shining One
  5519 | Ossuary  | Reached skill level 5 in Fighting
  5570 | Ossuary  | Reached *** piety under the Shining One
  5570 | Ossuary  | Reached skill level 7 in Long Blades
  5884 | D:7      | Noticed Joseph
  5906 | D:7      | Killed Joseph
  5906 | D:7      | Reached skill level 5 in Invocations
  5990 | D:7      | Noticed Pikel
  5995 | D:7      | Noticed a hornet
  6005 | D:7      | Killed Pikel
  6005 | D:7      | Reached skill level 8 in Long Blades
  6005 | D:7      | Reached XP level 10. HP: 61/76 MP: 12/14
  6628 | D:8      | Noticed a manticore
  6639 | D:8      | Killed a manticore
  6955 | D:8      | Reached **** piety under the Shining One
  7572 | D:8      | Reached skill level 9 in Long Blades
  7620 | D:8      | Noticed a three-headed hydra
  7625 | D:8      | Killed a one-headed hydra
  7625 | D:8      | Reached XP level 11. HP: 81/81 MP: 14/16
  7790 | D:9      | Noticed a two-headed ogre
  7805 | D:9      | Killed a two-headed ogre
  7945 | D:9      | Reached skill level 5 in Throwing
  7949 | D:9      | Reached skill level 1 in Axes
  8287 | D:9      | Noticed Prince Ribbit
  8296 | D:9      | Killed Prince Ribbit
  8469 | D:10     | Entered Level 10 of the Dungeon
  8469 | D:10     | Reached ***** piety under the Shining One
  8503 | D:10     | Reached skill level 10 in Long Blades
  8567 | D:10     | Found a staircase to the Lair.
  9224 | D:10     | Identified a scroll of acquirement
  9224 | D:10     | Acquired a manual of Dodging
  9294 | D:10     | Reached XP level 12. HP: 83/89 MP: 18/18
  9547 | D:11     | Reached skill level 10 in Shields
  9942 | D:11     | Noticed a six-headed hydra
  9955 | D:11     | Killed a one-headed hydra
 10057 | D:11     | Found a staircase to the Orcish Mines.
 10725 | D:12     | Noticed a two-headed ogre
 10738 | D:12     | Killed a two-headed ogre
 10738 | D:12     | Reached skill level 5 in Dodging
 10912 | D:12     | Reached skill level 11 in Long Blades
 11142 | D:12     | Slain by a large slime creature

Illustrated notes

Levels and vault maps discovered:
D:1:      nzn_arrival_crosshair, layout_basic
D:2:      layout_basic, minmay_tree_intersection, minmay_pentomino_w2
D:3:      layout_rooms
D:4:      layout_loops_cross, first_ration, serial_shops,
          nicolae_shop_waterfront
D:5:      layout_loops_ring, nemelex_xobeh_ov_fountains_minmay,
          cheibrodos_gnoll_hut
D:6:      corexii_shack_village, layout_loops_cross,
          minmay_temple_entry_enclosed_plants, st_stairs_10
D:7:      layout_gridville, gup_ossuary_entry_pyramid, serial_shops,
          nicolae_shop_statue_plus, uniq_joseph, uniq_pikel
D:8:      layout_cave_pods, hangedman_ranch [blue_anna_fruit_fields],
          minmay_fractal_squares_gapless_5
D:9:      layout_cross, small_statue_intersection, uniq_prince_ribbit1
D:10:     layout_irregular_city, grunt_lair_entry_orc_guard_hut, minivault_27,
          nicolae_sextant
D:11:     layout_irregular_city, orc_0_dummy, skrybe_limestone_x,
          minmay_crystal_water, kennysheep_generic_room_15
D:12:     gammafunk_sealed_arena, layout_basic, moated_statue,
          chequers_serial_rivers_micro_e, minmay_diced_spiral
Temple:   dpeg_three_leaves_temple

Skill      XL: |  1  2  3  4  5  6  7  8  9 10 11 12 |
---------------+-------------------------------------+-----
Shields        | 4 5 6 8 9 10 | 10.6
Armour         | 4 5 6 7 8 |  8.5
Fighting       | 4 5 6 7 |  7.3
Long Blades    | 3 4 5 6 8 9 10 11 | 11.1
Throwing       | 1 2 3 4 5 6 |  6.1
Dodging        | 1 2 5 |  5.3
Invocations    | 2 5 7 8 9 |  9.5
Axes           | 1 |  1.7
Stealth        | |  0.1

Action                   |  1- 3 |  4- 6 |  7- 9 | 10-12 || total
-------------------------+-------+-------+-------+-------++-------
Melee: Long sword        |   100 |   204 |   112 |       ||   416
       Falchion          |       |       |   299 |   278 ||   577
       Hand axe          |       |       |       |    16 ||    16
       Great sword       |       |       |       |   236 ||   236
Throw: Stone             |       |    73 |       |       ||    73
       Boomerang         |       |     5 |    29 |   126 ||   160
       Dart              |       |       |    10 |     7 ||    17
       Javelin           |       |       |       |    33 ||    33
Invok: Divine Shield     |       |       |       |     2 ||     2
 Abil: Dig               |       |     4 |     3 |     3 ||    10
Evoke: Wand              |       |       |       |     4 ||     4
  Use: Scroll            |     6 |     3 |    11 |     5 ||    25
       Potion            |       |     2 |     1 |     2 ||     5
  Eat: Chunk             |     1 |     7 |    10 |    20 ||    38
Armor: Scale mail        |    44 |    37 |       |       ||    81
       Chain mail        |       |    49 |   139 |   157 ||   345
Dodge: Dodged            |    39 |    49 |    96 |   124 ||   308
Block: Kite shield       |    54 |   110 |   245 |   417 ||   826
       Rpst.: Long sword |    10 |    17 |     8 |       ||    35
       Falchion          |       |       |    17 |    17 ||    34
       Great sword       |       |       |       |    20 ||    20
